 Dungeon Crawl Stone Soup version 0.31-a0-200-gbc41564c69 (webtiles) character file.

Game seed: 10760626733511536779

91 qw the Shooter (level 4, -7/25 HPs)
             Began as a Deep Elf Hunter on June 25, 2023.
             Killed by divine providence
             ... invoked by an orc priest
              (13 damage)
             ... on level 3 of the Dungeon.
             The game lasted 00:00:40 (1828 turns).

qw the Shooter (Deep Elf Hunter)                    Turns: 1828, Time: 00:00:41

Health: -7/25      AC:  7    Str: 10    XL:     4   Next: 34%
Magic:  6/6        EV:  9    Int: 14    God:
Gold:   83         SH:  0    Dex: 18    Spells: 3/3 levels left

rFire   . . .        Y - +1 shortbow
rCold   . . .        (shield currently unavailable)
rNeg    . . .        b - +0 scale mail
rPois   .            (no helmet)
rElec   .            (no cloak)
rCorr   .            (no gloves)
SInv    .            g - +0 pair of boots
Will    .....        (no amulet)
Stlth   +            (no ring)
HPRegen 0.24/turn    (no ring)
MPRegen 0.10/turn

%: no passive effects
@: no status effects
A: no striking features
a: no special abilities


You were on level 3 of the Dungeon.
You visited 1 branch of the dungeon, and saw 3 of its levels.

You collected 83 gold pieces.


   Skills:
 - Level 1.5 Fighting
 + Level 7.8 Ranged Weapons
 - Level 2.4 Dodging
 - Level 1.2 Stealth


You had 3 spell levels left.
You didn't know any spells.
Your spell library was empty.

Inventory:

Hand Weapons
 Y - a +1 shortbow (weapon)
Armour
 b - a +0 scale mail (worn)
 g - a +0 pair of boots (worn)
Scrolls
 c - a scroll of identify
 h - a scroll of revelation {unknown}
Potions
 a - a potion of cancellation
 d - a potion of mutation {unknown}
 e - a potion of resistance {unknown}
 f - a potion of curing

Dungeon Overview and Level Annotations

Branches:
Dungeon (3/15)

Altars:


Message History

You see here a hobgoblin corpse.
An orc priest comes into view. It is wielding a +0 flail.
The orc priest shouts!
You hear a shout!
You shoot an arrow. The arrow hits the orc priest.
The orc priest is moderately wounded.
You shoot an arrow.
The arrow closely misses the orc priest.
You shoot an arrow. The arrow hits the orc priest.
The orc priest is heavily wounded.
An orc comes into view. It is wielding a +0 mace.
You shoot an arrow. The orc shouts!
The arrow hits the orc priest.
The orc priest is severely wounded.
The orc priest invokes the aid of Beogh against you.
Beogh smites you!
Ouch! That really hurt!
You shoot an arrow. The arrow hits the orc priest.
The orc priest is severely wounded.
The orc priest closely misses you.
You shoot an arrow.
The arrow hits the orc priest but does no damage.
The orc priest is severely wounded.
The orc priest looks satisfied for a moment.
An orc priest comes into view. It is wielding a +0 hand axe.
You shoot an arrow.
The arrow closely misses the orc priest.
The orc priest shouts!
The orc priest hits you with a +0 flail.
You shoot an arrow.
The arrow hits the orc priest but does no damage.
The orc priest is severely wounded.
The orc priest calls upon Beogh to heal the orc priest.
The orc priest is healed somewhat.
An orc priest comes into view. It is wielding a +0 falchion.
The orc priest looks satisfied for a moment.
The orc priest mumbles some strange prayers to Beogh against you.
Beogh smites you!
Ouch! That really hurt!
You die...

#.# #.#### ###.###o#
.....# ###.....#o#
####.# #.....<....
##.## #.#.......#
###...###.#...?.#.#
..........#.....#o#
###...##........o.#.#
#.#.##...#####@...#
#.###.#...####.#.#.#
..# #......#.##.#..
.# #.#.....%......# #
#.###..#.#.##.#..#
#.# #...........# ##
##.#.#.#.#..#
#.#.#.#... # ....#.#
###


You could see 3 orc priests and an orc.

Vanquished Creatures
  A gnoll (D:1)
  3 adders
  2 bats (D:2)
  10 endoplasms
  A giant cockroach (D:2)
  5 goblins
  3 hobgoblins
  3 jackals (D:1)
  6 quokkas
  4 ball pythons
  4 frilled lizards
  4 kobolds
  3 rats
49 creatures vanquished.

Notes
Turn   | Place    | Note
-------+----------+-------------------------------------------
     0 | D:1      | qw the Deep Elf Hunter began the quest for the Orb.
     0 | D:1      | Reached XP level 1. HP: 12/12 MP: 3/3
     0 | D:1      | 0 ||| qw: Version: 0.3-a-22-g0ed2b0b
     0 | D:1      | 0 ||| qw: Game counter: 5601
     0 | D:1      | 0 ||| qw: Melee chars always use a shield: true
     0 | D:1      | 0 ||| qw: God list: Okawaru
     0 | D:1      | 0 ||| qw: Allow faded altars: false
     0 | D:1      | 0 ||| qw: Do Orc after clearing Dungeon:15 true
     0 | D:1      | 0 ||| qw: Do second Lair branch before Depths: true
     0 | D:1      | 0 ||| qw: Lair rune preference: random
     0 | D:1      | 0 ||| qw: Goals: Normal
     0 | D:1      | 0 ||| PLANNING D:1-11
    57 | D:1      | Reached skill level 6 in Ranged Weapons
    57 | D:1      | Reached XP level 2. HP: 11/16 MP: 4/4
   160 | D:1      | 160 ||| READING scroll labelled XEUXZIB UNUIFYR.
   161 | D:1      | 161 ||| DROPPING scroll of butterflies.
   313 | D:1      | 313 ||| DRINKING 2 fizzy red potions.
   473 | D:1      | Reached XP level 3. HP: 20/20 MP: 5/5
   736 | D:1      | 736 ||| UPGRADING to +0 scale mail.
   746 | D:1      | 746 ||| DROPPING +0 leather armour.
   747 | D:1      | 747 ||| DRINKING 2 green potions.
  1081 | D:2      | Reached skill level 7 in Ranged Weapons
  1453 | D:2      | Found a faded altar of an unknown god.
  1545 | D:2      | Reached XP level 4. HP: 19/25 MP: 6/6
  1732 | D:2      | 1732 ||| UPGRADING to +0 pair of boots.
  1737 | D:2      | 1737 ||| READING scroll labelled TAAMPE NUESTRO.
  1738 | D:2      | 1738 ||| READING scroll labelled KEFOUCK FUNARCH.
  1739 | D:2      | 1739 ||| READING scroll labelled FICIGESMIT.
  1740 | D:2      | 1740 ||| READING scroll labelled SACZEN UX VIEK.
  1827 | D:3      | HP: 6/25 [orc priest/+0 flail (4)]
  1828 | D:3      | Killed from afar by an orc priest

Levels and vault maps discovered:
D:1:      psy_arrival_basics, layout_loops_ring, serial_glass, glass_columns_c,
          glass_columns_a, feat_on_display, minmay_strange_pillars, st_stairs_4
D:2:      layout_loops_corners, shapermc_ecumenical_altar_acropolis,
          nicolae_hexahallways, minmay_pentomino_u4
D:3:      layout_loops_ring, lexackson_kobold_supper

Skill      XL: |  1  2  3 |
---------------+----------+-----
Ranged Weapons | 6 7 |  7.8
Fighting       | |  1.5
Dodging        | |  2.4
Stealth        | |  1.2

Action                     |  1- 3 |  4- 6 || total
---------------------------+-------+-------++-------
   Fire: Shortbow          |   128 |    20 ||   148
    Use: Potion            |     2 |       ||     2
         Scroll            |     1 |     4 ||     5
 Armour: Leather armour    |     3 |       ||     3
         Scale mail        |    23 |       ||    23
  Dodge: Dodged            |    35 |     1 ||    36

Table legend:
 A = Non-vault XP
 B = Vault XP
 C = Vault XP percentage of total XP
 D = Non-vault monster count
 E = Vault monster count
 F = Vault count percentage of total count
                 A         B        C        D         E       F
            +---------+---------+-------+---------+---------+-------
      Total |     113 |      18 |  13.7 |      45 |       4 |   8.2
            +---------+---------+-------+---------+---------+-------
        D:1 |      40 |       4 |   9.1 |      17 |       3 |  15.0
        D:2 |      50 |      14 |  21.9 |      22 |       1 |   4.3
        D:3 |      23 |       0 |   0.0 |       6 |       0 |   0.0
            +---------+---------+-------+---------+---------+-------
